 Dungeon Crawl Stone Soup version 0.28.0 (webtiles) character file.

Game seed: 4862265044876486907

7 krispywithak the Skirmisher (level 1, -1/20 HPs)
             Began as a Minotaur Abyssal Knight on Feb 5, 2022.
             Was a Follower of Lugonu.
             Frozen to death by an endoplasm (2 damage)
             ... on level 1 of the Dungeon.
             The game lasted 00:01:24 (160 turns).

krispywithak the Skirmisher (MiAK)                   Turns: 160, Time: 00:01:24

Health: -1/20      AC:  3    Str: 17    XL:     1   Next: 91%
Magic:  1/1        EV: 11    Int:  7    God:    Lugonu [*.....]
Gold:   35         SH:  0    Dex: 10    Spells: 0/0 levels left

rFire   . . .      SeeInvis .     - Unarmed
rCold   . . .      Faith    .   c - orb {*channel}
rNeg    . . .      Spirit   .   a - +0 leather armour
rPois   .          Reflect  .   (helmet restricted)
rElec   .          Harm     .   (no cloak)
rCorr   .          Rampage  .   (no gloves)
Will    .....                   (no boots)
Stlth   +.........              (no amulet)
HPRegen 0.06/turn               (no ring)
MPRegen 0.07/turn               (no ring)

@: no status effects
A: horns 2, retaliatory headbutt
a: Renounce Religion, Depart the Abyss


You were on level 1 of the Dungeon.
You worshipped Lugonu.
Lugonu was aware of your devotion.
You visited 1 branch of the dungeon, and saw 1 of its levels.
You visited the Abyss 1 time.

You collected 35 gold pieces.

Inventory:

Missiles
 b - 13 bolts
Armour
 a - a +0 leather armour (worn)
 c - an orb of energy (worn)


   Skills:
 + Level 4.0 Fighting
 + Level 2.6 Armour
 + Level 1.1 Dodging
 + Level 2.2 Unarmed Combat
 + Level 1.8 Invocations


You couldn't memorise any spells.
You didn't know any spells.
Your spell library was empty.

Dungeon Overview and Level Annotations

Branches:
Dungeon (1/15)

Altars:


Innate Abilities, Weirdness & Mutations

You have a pair of horns on your head.
You reflexively headbutt those who attack you in melee.


Message History

c - an orb of energy The bat hits you but does no damage.
The kobold hits you with a +0 short sword.
The bat closely misses you. The kobold hits you but does no damage.
Keep equipping yourself? [Y]es or [N]o only, please.
Keep equipping yourself?
You start putting on your armour.
You continue putting on your orb of energy.
The bat barely misses you.
The kobold hits you with a +0 short sword.
You continue putting on your orb of energy.
The kobold hits you with a +0 short sword.
* * * LOW HITPOINT WARNING * * *
The endoplasm freezes you.
You are frozen.
* * * LOW HITPOINT WARNING * * *
You continue putting on your orb of energy.
The bat hits you but does no damage. The kobold barely misses you.
The endoplasm closely misses you.
You continue putting on your orb of energy.
The bat closely misses you. The kobold closely misses you.
The endoplasm freezes you.
You are frozen.
* * * LOW HITPOINT WARNING * * *
You finish putting on your orb of energy.
You closely miss the kobold. The bat hits you but does no damage.
The kobold barely misses you. You furiously retaliate!
You headbutt the kobold.
You kill the kobold!
Lugonu accepts your kill.
The endoplasm hits you but does no damage.
Your Fighting skill increases to level 4!
The bat hits you but does no damage. The endoplasm barely misses you.
Items here: ( ) ? †.
You hit the endoplasm.
The endoplasm is almost dead.
The bat barely misses you. The bat hits you but does no damage.
The endoplasm freezes you.
You are frozen.
You die...

#######.## ##
.(.).... ... ).
#......#+#... ...
#............
....#............
....#............
.................
#.....†J....#
#.....b@....#
#...........#
#.....###......
#....[# ......
##########.....#
......
...........^...#
#####
################
# #


You could see an endoplasm and a bat.

Vanquished Creatures
  A dart slug (D:1)
  A bat (D:1)
  A goblin (D:1)
  A hobgoblin (D:1)
  A kobold (D:1)
5 creatures vanquished.

Notes
Turn   | Place    | Note
-------+----------+-------------------------------------------
     0 | Abyss:1  | krispywithak the Minotaur Abyssal Knight began the quest
                  | for the Orb.
     0 | Abyss:1  | Reached XP level 1. HP: 19/19 MP: 1/1
     2 | D:1      | Escaped the Abyss
   100 | D:1      | Reached * piety under Lugonu
   157 | D:1      | HP: 1/20 [frozen (3)]
   159 | D:1      | Reached skill level 4 in Fighting
   160 | D:1      | Frozen to death by an endoplasm

Illustrated notes

Levels and vault maps discovered:
D:1:      minmay_arrival_split_and_join, layout_basic

Skill      XL: |  1 |
---------------+----+-----
Fighting       | 4 |  4.0
Armour         | |  2.6
Dodging        | |  1.1
Unarmed Combat | |  2.2
Invocations    | |  1.8

Action                   || total
-------------------------++-------
Melee: Unarmed           ||    15
       Headbutt          ||     3
Invok: Depart the Abyss  ||     1
  Use: Scroll            ||     2
Armor: Leather armour    ||    23
Dodge: Dodged            ||    32
